 Dungeon Crawl Stone Soup version 0.28.0 (webtiles) character file.

Game seed: 4537176817027718405

44 trckry the Caller (level 3, -7/26 HPs)
             Began as a Barachi Summoner on Feb 13, 2022.
             Killed from afar by Natasha (8 damage)
             ... with a magic dart
             ... on level 2 of the Dungeon.
             The game lasted 00:06:20 (1561 turns).

trckry the Caller (Barachi Summoner)                Turns: 1561, Time: 00:06:20

Health: -7/26      AC:  4    Str:  4 (7)  XL:     3   Next: 62%
Magic:  1/6        EV: 12    Int: 14 (17) God:
Gold:   69         SH:  0    Dex: 11 (12) Spells: 0/6 levels left

rFire   . . .      SeeInvis .   (no weapon)
rCold   . . .      Faith    .   (no shield)
rNeg    . . .      Spirit   .   a - +0 robe
rPois   .          Reflect  .   (no helmet)
rElec   .          Harm     .   (no cloak)
rCorr   .          Rampage  .   (no gloves)
Will    .....                   (no boots)
Stlth   ++........              (no amulet)
HPRegen 0.08/turn               (no ring)
MPRegen 0.10/turn               (no ring)

@: unable to hop, slow
A: amphibious, slowness 1, strong legs 1, +LOS, iridescent scales 1, weak 1
a: Hop


You were on level 2 of the Dungeon.
You visited 1 branch of the dungeon, and saw 2 of its levels.

You collected 69 gold pieces.

Inventory:

Missiles
 f - a poisoned dart (quivered)
Armour
 a - a +0 robe (worn)
Jewellery
 g - an amulet of guardian spirit
Scrolls
 d - a scroll of identify {unknown}
 e - a scroll of immolation {unknown}
Potions
 b - a potion of heal wounds {unknown}
 c - a potion of degeneration
 h - a potion of lignification {unknown}
 i - a potion of mutation


   Skills:
 + Level 1.1 Fighting
 + Level 1.0 Armour
 + Level 2.6 Dodging
 - Level 2.0 Stealth
 + Level 2.4 Spellcasting
 * Level 5.4 Summonings


You couldn't memorise any spells.
You knew the following spells:

 Your Spells              Type           Power      Damage    Failure   Level
a - Summon Small Mammal   Summ           68%        N/A       2%          1
b - Call Imp              Summ           17%        N/A       3%          2
c - Call Canine Familiar  Summ           17%        N/A       7%          3

Your spell library contained the following spells:

 Spells                   Type           Power      Damage    Failure   Level
 Apportation              Tloc           2%         N/A       22%         1
 Summon Guardian Golem    Hex/Summ       9%         N/A       22%         3
 Summon Lightning Spire   Summ/Air       9%         N/A       58%         4
 Alistair's Intoxication  Tmut/Pois      0%         N/A       99%         5


Dungeon Overview and Level Annotations

Branches:
Dungeon (2/15)

Altars:

Shops:
D:1 [

Annotations:
D:2 Natasha


Innate Abilities, Weirdness & Mutations

You are amphibious.
You cover ground slowly.
You can hop short distances.
You have an extended range of vision and can be seen from far away.
You are partially covered in iridescent scales. (AC +2)
You are weak. (Str -2)


Message History

* * * LOW HITPOINT WARNING * * *
Your rat barely misses Natasha.
Your hound bites Natasha.
Natasha casts a spell at you. You resist with significant effort.
The crimson imp disappears in a puff of smoke!
Your hound bites Natasha.
Your rat closely misses Natasha.
The worm bites your rat but does no damage.
Natasha mumbles some strange words.
Your hound bites Natasha.
Your rat barely misses the worm.
Your hound bites Natasha.
The worm bites your rat!
Your rat dies!
Your rat's corpse disappears in a puff of smoke!
Throw: 2 darts (poison)
Press: ? - help, Q - select action, (/) - cycle Shift-Dir - straight line, f - Natasha
Aim: Natasha (heavily wounded, ally target, 47% to hit)
Really fire in your crimson imp's direction?
You throw a poisoned dart.
The poisoned dart closely misses Natasha.
The poisoned dart closely misses the shadow imp.
The poisoned dart hits your crimson imp.
Your crimson imp disappears in a puff of smoke!
Natasha casts a spell at you. The magic dart hits you.
* * * LOW HITPOINT WARNING * * *
Your hound bites Natasha.
The shadow imp misses your hound.
It was a potion of degeneration.
There was something very wrong with that liquid.
You feel weakened.
You feel dopey.
You feel clumsy.
Your hound bites Natasha.
Natasha howls an incantation.
You feel disoriented. Natasha misses you. The shadow imp hits your hound.
It was a potion of mutation.
You feel extremely strange.
You feel robust.
You feel frail.
You feel weaker.
Iridescent scales grow over part of your body.
Your hound barely misses the shadow imp.
Natasha casts a spell at you. The magic dart hits you!
You die...

.#.........# #..#
.#########.# #..#
.##........# #..#
.##.....#..# #..#
.##.....#..#####..#
..5...............#
.#####.##########.# .#
#.#<#........# .#
#.#.......#@.#
.#######.......#h.#
.#.....#.......#h.#
.#.†#.^#.......#5w# ######
.#.#≈#.'.†.....#§.##.......
.#..#..#.......#...(....5..
##.....#..............#####
########.......##.###.# ..#
#..#.......#..# #


You could see a worm, Natasha, a shadow imp (summoned, ally target) and a
friendly hound (summoned).

Vanquished Creatures (collateral kills)
  A dart slug (D:1)
  4 ball pythons
  2 bats (D:1)
  5 endoplasms (D:1)
  A giant cockroach (D:1)
  5 goblins
  3 hobgoblins (D:1)
  A jackal (D:2)
  5 quokkas (D:1)
  A frilled lizard (D:1)
  6 kobolds (D:1)
  2 rats
36 creatures vanquished.

Vanquished Creatures (others)
  2 plants (D:1)
2 creatures vanquished.

Grand Total: 38 creatures vanquished

Notes
Turn   | Place    | Note
-------+----------+-------------------------------------------
     0 | D:1      | trckry the Barachi Summoner began the quest for the Orb.
     0 | D:1      | Reached XP level 1. HP: 13/13 MP: 3/3
   111 | D:1      | Reached skill level 5 in Summonings
   133 | D:1      | Reached XP level 2. HP: 16/20 MP: 1/5
   137 | D:1      | Learned a level 2 spell: Call Imp
   669 | D:1      | Reached XP level 3. HP: 25/25 MP: 3/6
   673 | D:1      | Learned a level 3 spell: Call Canine Familiar
   720 | D:1      | Reached skill level 1 in Fighting
   725 | D:1      | Found Qicueped's Armour Shop.
  1059 | D:1      | Found a faded altar of an unknown god.
  1195 | D:1      | Reached skill level 1 in Armour
  1545 | D:2      | Noticed Natasha
  1559 | D:2      | HP: 1/26 [Natasha/magic dart (6)]
  1561 | D:2      | Gained mutation: You are robust. (+10% HP) [potion of
                  | mutation]
  1561 | D:2      | Lost mutation: You are robust. (+10% HP) [potion of
                  | mutation]
  1561 | D:2      | Gained mutation: You are weak. (Str -2) [potion of
                  | mutation]
  1561 | D:2      | Gained mutation: You are partially covered in iridescent
                  | scales. (AC +2) [potion of mutation]
  1561 | D:2      | Killed from afar by Natasha

Illustrated notes

Levels and vault maps discovered:
D:1:      shiori_arrival_elements, layout_rooms, serial_shops, shop,
          serial_curves, eino_curves_02, eino_curves_01,
          chequers_ecumenical_altar_lobes
D:2:      layout_basic, ebering_dispersal_statue_hall,
          kennysheep_generic_room_13, uniq_terence, uniq_natasha

Skill      XL: |  1  2  3 |
---------------+----------+-----
Summonings     | 5 |  5.4
Stealth        | 2 |  2.0
Fighting       | 1 |  1.1
Armour         | 1 |  1.0
Dodging        | |  2.6
Spellcasting   | |  2.4

Action                   || total
-------------------------++-------
Melee: Unarmed           ||     2
Throw: Dart              ||     1
 Cast: Summon Small Mamm ||    34
       Call Imp          ||    12
       Call Canine Famil ||     1
 Abil: Hop               ||     1
  Use: Potion            ||     2
Armor: Robe              ||    18
Dodge: Dodged            ||    71
